[Event "98th Caplin Hastings Masters 2024-25"]
[Site "Hastings"]
[Date "2024.12.29"]
[Round "3.38"]
[White "Norinkeviciute, Rasa"]
[Black "Kim, Yegeon"]
[Result "0-1"]
[ECO "A25"]
[WhiteElo "1952"]
[BlackElo "1697"]
[Annotator "RC"]
[PlyCount "140"]
[EventDate "2024.12.23"]
[EventType "swiss"]
[EventCountry "ENG"]
[SourceTitle "playchess.com"]
[Source "ChessBase"]
[SourceQuality "1"]
[TimeControl "5400+30"]

1. c4 e5 2. g3 Nf6 3. Bg2 Nc6 4. Nc3 Bb4 5. Nd5 Bc5 6. a3 a6 7. e3 O-O 8. Ne2 Re8 9. Nec3 d6 10. d3 Be6 11. O-O Ba7 12. b4 Rb8 13. Bb2 Nd7 14. Rc1 Nf8 15. b5 Na5 16. a4 c6 17. Nb4 Bc5 18. Ba3 Bxc4 19. Ne4 Bb3 20. Qd2 Bxa4 21. bxa6 Nb3 22. Qc3 Nxc1 23. Rxc1 bxa6 24. Nxc5 dxc5 25. Qxc5 Qb6 26. Qc3 c5 27. Nd5 Qb3 28. Qxc5 Ne6 29. Qd6 Red8 30. Qe7 Rxd5 31. Bxd5 Qxd5 32. Qa7 Ra8 33. e4 Rxa7 34. exd5 Nd8 35. Rc8 Rd7 36. Ra8 f6 37. Rxa6 Bb5 38. Rb6 Bxd3 39. Rb8 Kf7 40. d6 Nc6 41. Rb3 Be4 42. f4 exf4 43. gxf4 f5 44. Kf2 Ke6 45. Rh3 h6 46. Rg3 Na5 47. Rg6+ Kf7 48. Rg1 Nc4 49. Bc5 Nxd6 50. Bd4 Ne8 51. Be5 Nf6 52. h3 Rd3 53. Ra1 Rxh3 54. Ra7+ Kg6 55. Ra6 Kh7 56. Ba1 Rf3+ 57. Ke1 Rxf4 58. Ra7 Kg6 59. Be5 Rf3 60. Ke2 Rb3 61. Ba1 Rb7 62. Ra3 Kf7 63. Kf2 g5 64. Kg3 Rb6 65. Rc3 Kg6 66. Ra3 Rc6 67. Kf2 h5 68. Bd4 f4 69. Ra4 Bf5 70. Ra2 Rc2+ 0-1

[Event "98th Caplin Hastings Masters 2024-25"]
[Site "Hastings"]
[Date "2024.12.29"]
[Round "3.39"]
[White "Chapman, Luke"]
[Black "Alcindor, Samuel"]
[Result "0-1"]
[ECO "B23"]
[WhiteElo "1706"]
[BlackElo "1927"]
[Annotator "NA RC"]
[PlyCount "76"]
[EventDate "2024.12.23"]
[EventType "swiss"]
[EventCountry "ENG"]
[SourceTitle "playchess.com"]
[Source "ChessBase"]
[SourceQuality "1"]
[TimeControl "5400+30"]

1. e4 c5 2. Nc3 g6 3. f4 Bg7 4. Nf3 Nc6 5. a4 e6 6. e5 d5 7. d4 cxd4 8. Nb5 Bf8 9. Nbxd4 a6 10. Be3 Nh6 11. Qd2 Bd7 12. h3 Nf5 13. Nxf5 gxf5 14. g4 fxg4 15. hxg4 Qc7 16. Qf2 d4 17. Nxd4 Rc8 18. c3 Na5 19. Rh3 Nc4 20. Bxc4 Qxc4 21. Qe2 Bxa4 22. Qxc4 Rxc4 23. b3 Rxd4 24. Bxd4 Bxb3 25. Ke2 Rg8 26. Rxh7 Be7 27. Kf3 Bd8 28. f5 exf5 29. gxf5 a5 30. Rg1 Rxg1 31. Bxg1 a4 32. Bc5 Ba5 33. Bb4 Bxb4 34. cxb4 a3 35. Rh8+ Kd7 36. Ra8 a2 37. Ke4 b5 38. Kd4 Ba4 0-1

[Event "98th Caplin Hastings Masters 2024-25"]
[Site "Hastings"]
[Date "2024.12.29"]
[Round "3.40"]
[White "Ahn, Sungmin"]
[Black "Choi, Hyunbin"]
[Result "1-0"]
[ECO "C54"]
[WhiteElo "1926"]
[BlackElo "1673"]
[Annotator "NA RC"]
[PlyCount "29"]
[EventDate "2024.12.23"]
[EventType "swiss"]
[EventCountry "ENG"]
[SourceTitle "playchess.com"]
[Source "ChessBase"]
[SourceQuality "1"]
[TimeControl "5400+30"]

1. e4 e5 2. Bc4 Nf6 3. d3 Nc6 4. Nf3 Bc5 5. c3 O-O 6. O-O d5 7. exd5 Nxd5 8. Nbd2 a5 9. Re1 Re8 10. a4 Bg4 11. Qb3 Be6 12. Nxe5 Qf6 13. Nef3 Qd8 14. Ne4 Bb6 15. Neg5 1-0

[Event "98th Caplin Hastings Masters 2024-25"]
[Site "Hastings"]
[Date "2024.12.29"]
[Round "3.41"]
[White "Badacsonyi, Stanley"]
[Black "Zhou, Yang-Fan"]
[Result "0-1"]
[ECO "E93"]
[WhiteElo "2266"]
[BlackElo "2424"]
[Annotator "TA"]
[PlyCount "120"]
[EventDate "2024.12.23"]
[EventType "swiss"]
[EventCountry "ENG"]
[SourceTitle "playchess.com"]
[Source "ChessBase"]
[SourceQuality "1"]
[TimeControl "5400+30"]

1. d4 Nf6 2. c4 g6 3. Nc3 Bg7 4. e4 O-O 5. Be3 d6 6. Be2 Nbd7 7. Nf3 e5 8. d5 Ng4 9. Bg5 f6 10. Bh4 Nh6 11. Nd2 c5 12. f3 Nf7 13. a3 Bh6 14. Bf2 f5 15. Bd3 Nf6 16. Qc2 fxe4 (16... f4 $11) 17. Ndxe4 Nxe4 18. fxe4 (18. Bxe4 Ng5 $14) ({White should play} 18. Nxe4 $16 Ng5 19. Ng3) 18... Bd7 19. Qe2 Qg5 20. O-O Bg4 21. Qc2 Qh5 22. Be2 Bf4 23. g3 {[%emt 0:02:51] [#]} (23. h3 $11 {remains equal.} Bxe2 24. Nxe2) 23... Ng5 $1 $17 24. Bxg4 Qxg4 25. Qd1 Nf3+ 26. Kg2 Nh4+ (26... Bd2 {simplifies} 27. Bg1 Bxc3 28. Rxf3 Qxf3+ 29. Qxf3 Rxf3 30. Kxf3 Bxb2 31. Ra2 Bd4) 27. Kh1 {[%emt 0:00:20] [#]} Qh3 $1 28. Rg1 {[%emt 0:00:12][%cal Od1e2] [#] Hoping for Qe2!. Inhibits Qg2+.} Bh6 $1 29. Qe2 Nf3 30. Rg2 Rf6 $40 {[%emt 0:01:26][%mdl 128] Black goes for the king. Black has more active pieces.} 31. Nb5 Raf8 32. Bg1 Nd4 33. Nxd4 (33. Qd1 $17 {was the only defense.}) 33... cxd4 $19 (33... exd4 34. e5 dxe5 35. Re1) 34. Rd1 Rf3 35. b4 b6 ({Don't play} 35... Rxa3 36. c5 $19) 36. c5 bxc5 37. bxc5 dxc5 38. Qa2 Qd7 39. d6+ Qf7 40. Qc2 c4 ({Inferior is} 40... Rxa3 41. Qxc5 Ra2 (41... Qb3 42. d7 $16) 42. Rxa2 Qxa2 (42... Qf3+ $2 43. Rg2 $18) 43. Qxe5 $11) 41. Qa4 c3 42. Qc6 Qe6 43. Rb1 R3f7 44. Rb5 Rd8 45. Rd5 Bf8 46. Qb5 Bxd6 47. Qa5 Re8 48. Qb5 Bxa3 49. Ra2 Bf8 50. Ra6 Qg4 51. Qd3 Qf3+ 52. Qxf3 Rxf3 53. Rc6 Rf7 54. Kg2 Rb7 55. h4 Rbb8 {[%emt 0:00:28] And now ...Rec8 would win.} 56. Bxd4 exd4 57. Rxd4 Rbc8 58. Rdc4 Rxc6 59. Rxc6 Rxe4 60. Rxc3 a5 0-1

[Event "98th Caplin Hastings Masters 2024-25"]
[Site "Hastings"]
[Date "2024.12.29"]
[Round "3.42"]
[White "Kim, Nayoon B"]
[Black "Bilandzic, Ante"]
[Result "0-1"]
[ECO "A22"]
[WhiteElo "1663"]
[BlackElo "1912"]
[Annotator "RC"]
[PlyCount "94"]
[EventDate "2024.12.23"]
[EventType "swiss"]
[EventCountry "ENG"]
[SourceTitle "playchess.com"]
[Source "ChessBase"]
[SourceQuality "1"]
[TimeControl "5400+30"]

1. c4 e5 2. Nc3 Nf6 3. g3 Bb4 4. Bg2 Bxc3 5. bxc3 O-O 6. Nf3 Re8 7. O-O d6 8. Qc2 c6 9. Rd1 h6 10. e3 Bg4 11. h3 Bh5 12. g4 Bg6 13. Qb2 Qc8 14. d4 Nbd7 15. Nd2 Nb6 16. a4 Bd3 17. c5 dxc5 18. dxc5 Nc4 19. Nxc4 Bxc4 20. Qb4 Bd5 21. e4 Be6 22. f4 exf4 23. Bxf4 Bxg4 24. hxg4 Qxg4 25. Bh2 Rxe4 26. Qxb7 Rc8 27. Re1 h5 28. Rxe4 Nxe4 29. Rf1 f6 30. Kh1 Nxc5 31. Qxa7 Qc4 32. Rg1 g5 33. Qe7 Rf8 34. Bd6 Qh4+ 35. Bh2 Nd3 36. Bxc6 Nf2+ 37. Kg2 Qh3+ 38. Kxf2 Qxh2+ 39. Rg2 Qf4+ 40. Kg1 Rb8 41. Bb5 Qc1+ 42. Kh2 Qxc3 43. Be8 Qc4 44. Bd7 Qf4+ 45. Kh1 Rb1+ 46. Rg1 Qf3+ 47. Kh2 Rb2+ 0-1

[Event "98th Caplin Hastings Masters 2024-25"]
[Site "Hastings"]
[Date "2024.12.29"]
[Round "3.43"]
[White "Jukes, Sam"]
[Black "Li, Jack"]
[Result "0-1"]
[ECO "B48"]
[WhiteElo "1911"]
[BlackElo "1717"]
[Annotator "NA RC"]
[PlyCount "56"]
[EventDate "2024.12.23"]
[EventType "swiss"]
[EventCountry "ENG"]
[SourceTitle "playchess.com"]
[Source "ChessBase"]
[SourceQuality "1"]
[TimeControl "5400+30"]

1. e4 c5 2. Nf3 e6 3. d4 cxd4 4. Nxd4 Nc6 5. Nc3 Qc7 6. Be3 a6 7. a3 b5 8. Nxc6 Qxc6 9. Bd3 Bb7 10. Qd2 Rc8 11. Ne2 Nf6 12. f3 d5 13. e5 Nd7 14. Nd4 Qc7 15. f4 Nc5 16. O-O Be7 17. c3 g6 18. g4 Ne4 19. Qe2 Bc5 20. Nf3 h5 21. gxh5 Rxh5 22. Bxe4 dxe4 23. Ng5 Rd8 24. Rad1 Rd3 25. Bd4 Bxd4+ 26. cxd4 Qc4 27. Rxd3 exd3 28. Qf2 Qd5 0-1

[Event "98th Caplin Hastings Masters 2024-25"]
[Site "Hastings"]
[Date "2024.12.29"]
[Round "3.44"]
[White "Muir, Andrew J"]
[Black "Vaidyanathan, Adithya"]
[Result "1-0"]
[ECO "A59"]
[WhiteElo "2214"]
[BlackElo "1904"]
[Annotator "RC"]
[PlyCount "153"]
[EventDate "2024.12.23"]
[EventType "swiss"]
[EventCountry "ENG"]
[SourceTitle "playchess.com"]
[Source "ChessBase"]
[SourceQuality "1"]
[TimeControl "5400+30"]

1. d4 Nf6 2. c4 c5 3. d5 b5 4. cxb5 a6 5. bxa6 Bxa6 6. Nc3 d6 7. e4 Bxf1 8. Kxf1 g6 9. g3 Bg7 10. Kg2 O-O 11. Nf3 Qb6 12. e5 dxe5 13. Nxe5 Na6 14. Re1 Nb4 15. Bg5 Rad8 16. Bxf6 Bxf6 17. Qb3 Qb8 18. f4 Qa8 19. Rad1 e6 20. Ne4 Be7 21. a3 Nxd5 22. Kh3 Rb8 23. Qc2 Qb7 24. Rd2 Qb3 25. Qxb3 Rxb3 26. Kg2 f5 27. Nf2 Rd8 28. Nc4 Kf7 29. Nd3 Kf6 30. Kh1 Nc7 31. Red1 Nb5 32. Nc1 Rxd2 33. Rxd2 Nxa3 34. Nxa3 Rb4 35. Rc2 g5 36. Nc4 gxf4 37. gxf4 Ra4 38. Nd3 Ra6 39. Kg2 Ra7 40. Kf3 Rd7 41. Nce5 Rd5 42. Nxc5 Bd6 43. Ncd7+ Ke7 44. Rg2 Rb5 45. Rg7+ Kd8 46. Nc4 Rb3+ 47. Ke2 Bxf4 48. Nc5 Rb4 49. Nxe6+ Ke8 50. Nxf4 Rxc4 51. Ke3 Rc2 52. Rg2 Rc4 53. Nd5 Kf7 54. b4 Re4+ 55. Kd3 Ke6 56. Nc7+ Kd6 57. Na6 Kc6 58. Rb2 Kb5 59. Nc7+ Kc6 60. Rc2+ Kb6 61. Nd5+ Kb7 62. Rc7+ Kb8 63. Rxh7 Rg4 64. Ke3 Re4+ 65. Kd3 Rg4 66. h4 f4 67. h5 f3 68. h6 f2 69. Ke2 Rg5 70. Rg7 Rf5 71. Ne3 Re5 72. Kxf2 Rh5 73. h7 Kc8 74. Rg8+ Kd7 75. h8=Q Rxh8 76. Rxh8 Kc6 77. Rh5 1-0

[Event "98th Caplin Hastings Masters 2024-25"]
[Site "Hastings"]
[Date "2024.12.29"]
[Round "3.46"]
[White "Kolani, Arjun"]
[Black "Keely, Leo A"]
[Result "1-0"]
[ECO "B76"]
[WhiteElo "2131"]
[BlackElo "1899"]
[Annotator "RC"]
[PlyCount "94"]
[EventDate "2024.12.23"]
[EventType "swiss"]
[EventCountry "ENG"]
[SourceTitle "playchess.com"]
[Source "ChessBase"]
[SourceQuality "1"]
[TimeControl "5400+30"]

1. e4 c5 2. Nf3 d6 3. d4 cxd4 4. Nxd4 Nf6 5. Nc3 g6 6. Be3 Bg7 7. f3 O-O 8. Qd2 Nc6 9. O-O-O d5 10. exd5 Nxd5 11. Nxc6 bxc6 12. Bd4 Bxd4 13. Qxd4 Be6 14. Ne4 Qa5 15. a3 Nc7 16. Bc4 Bd5 17. Bd3 Ne6 18. Qe3 c5 19. Nc3 Bc6 20. Bc4 Nd4 21. Qxe7 Rab8 22. Ne4 Bxe4 23. Qxe4 Rb6 24. Qd5 Nf5 25. Rhe1 Rd6 26. Qe5 Rd4 27. g4 Rxc4 28. gxf5 Qb6 29. Re4 Rxe4 30. fxe4 c4 31. f6 Qe3+ 32. Kb1 c3 33. Qxc3 Qxc3 34. bxc3 h5 35. Rd7 a6 36. Kb2 Re8 37. Re7 Rb8+ 38. Kc1 h4 39. h3 Rc8 40. Kd2 Rb8 41. c4 Rb1 42. c5 Rh1 43. c6 Rh2+ 44. Kc1 Rxh3 45. Kb2 Rf3 46. c7 Rxf6 47. c8=Q+ Kg7 1-0

[Event "98th Caplin Hastings Masters 2024-25"]
[Site "Hastings"]
[Date "2024.12.29"]
[Round "3.47"]
[White "Buckland, Louis"]
[Black "Fryer, David W"]
[Result "1-0"]
[ECO "A80"]
[WhiteElo "1856"]
[BlackElo "1928"]
[Annotator "NA RC"]
[PlyCount "47"]
[EventDate "2024.12.23"]
[EventType "swiss"]
[EventCountry "ENG"]
[SourceTitle "playchess.com"]
[Source "ChessBase"]
[SourceQuality "1"]
[TimeControl "5400+30"]

1. d4 f5 2. Bg5 h6 3. Bh4 g5 4. e3 Nf6 5. Bg3 d6 6. Nc3 Bg7 7. h4 g4 8. Nge2 Nh5 9. Nf4 Nxg3 10. fxg3 h5 11. Bc4 Rh6 12. Qd2 c6 13. d5 e5 14. dxe6 Be5 15. e4 fxe4 16. O-O-O d5 17. Nfxd5 Rxe6 18. Nf4 Qxd2+ 19. Rxd2 Bxc3 20. Bxe6 Bxd2+ 21. Kxd2 Bxe6 22. Nxe6 Na6 23. a3 Ke7 24. Nf4 1-0

[Event "98th Caplin Hastings Masters 2024-25"]
[Site "Hastings"]
[Date "2024.12.29"]
[Round "3.48"]
[White "Vaidyanathan, Sathya"]
[Black "Butt, Laurence"]
[Result "1/2-1/2"]
[ECO "B23"]
[WhiteElo "1908"]
[BlackElo "1818"]
[Annotator "RC"]
[PlyCount "82"]
[EventDate "2024.12.23"]
[EventType "swiss"]
[EventCountry "ENG"]
[SourceTitle "playchess.com"]
[Source "ChessBase"]
[SourceQuality "1"]
[TimeControl "5400+30"]

1. e4 c5 2. Nc3 g6 3. d4 b6 4. dxc5 bxc5 5. Qd5 Nc6 6. Qxc5 Bg7 7. Bd2 Rb8 8. Nf3 Nf6 9. Bd3 O-O 10. O-O a6 11. Rab1 Qe8 12. h3 d6 13. Qe3 Nd7 14. a3 Nde5 15. Nxe5 Bxe5 16. Qe1 Bg7 17. f4 f5 18. b4 Nd4 19. Ne2 Bb7 20. Nxd4 Bxd4+ 21. Be3 Bg7 22. exf5 gxf5 23. Qf2 Rf6 24. Be2 e5 25. c4 Be4 26. Rbc1 Qa4 27. c5 Qxa3 28. c6 Rg6 29. Bf3 Qxb4 30. c7 Rc8 31. Qa2+ d5 32. Bc5 Qb7 33. Bxe4 fxe4 34. fxe5 Rxc7 35. Bd6 Rxc1 36. Rxc1 Bh6 37. Rc7 Be3+ 38. Kh1 Qb5 39. Rc8+ Kg7 40. Rc7+ Kg8 41. Rc8+ Kg7 1/2-1/2

[Event "98th Caplin Hastings Masters 2024-25"]
[Site "Hastings"]
[Date "2024.12.29"]
[Round "3.49"]
[White "Miller, Daniel"]
[Black "Ruane, Brendan J"]
[Result "1-0"]
[ECO "A04"]
[WhiteElo "2093"]
[BlackElo "1869"]
[Annotator "RC"]
[PlyCount "71"]
[EventDate "2024.12.23"]
[EventType "swiss"]
[EventCountry "ENG"]
[SourceTitle "playchess.com"]
[Source "ChessBase"]
[SourceQuality "1"]
[TimeControl "5400+30"]

1. Nf3 g6 2. h4 h6 3. e4 d6 4. d4 Bg7 5. Be3 Nf6 6. Nbd2 a6 7. Bd3 Ng4 8. Qe2 Nxe3 9. Qxe3 c5 10. c3 Nd7 11. h5 g5 12. Nf1 Qb6 13. Ng3 Qxb2 14. O-O cxd4 15. cxd4 Qb6 16. Nf5 Bf6 17. Rab1 Qa7 18. Qe1 g4 19. e5 dxe5 20. dxe5 gxf3 21. exf6 Qc5 22. Qxe7+ Qxe7 23. fxe7 Ne5 24. Nd6+ Kxe7 25. Nxc8+ Raxc8 26. Rxb7+ Kf6 27. Be4 Rhg8 28. Rb6+ Kg5 29. Rxa6 Kxh5 30. Ra5 Rg5 31. g3 Rc4 32. Re1 f6 33. Ra6 f5 34. Bd5 Rc2 35. Rxe5 Rc1+ 36. Kh2 1-0

[Event "98th Caplin Hastings Masters 2024-25"]
[Site "Hastings"]
[Date "2024.12.29"]
[Round "3.50"]
[White "Bryant, Marc A"]
[Black "Han, Yongsu"]
[Result "1/2-1/2"]
[ECO "A00"]
[WhiteElo "1825"]
[BlackElo "1718"]
[Annotator "NA RC"]
[PlyCount "200"]
[EventDate "2024.12.23"]
[EventType "swiss"]
[EventCountry "ENG"]
[SourceTitle "playchess.com"]
[Source "ChessBase"]
[SourceQuality "1"]
[TimeControl "5400+30"]

1. g4 d5 2. Bg2 Bxg4 3. c4 e6 4. Nc3 Nf6 5. cxd5 exd5 6. Qb3 Nc6 7. Nxd5 Nxd5 8. Bxd5 Na5 9. Bxf7+ Ke7 10. Qb4+ Kxf7 11. Qxg4 Qf6 12. Qh5+ Qg6 13. Qxa5 Qg2 14. Qf5+ Ke8 15. Qf3 Qg6 16. Qxb7 Rd8 17. Qb5+ c6 18. Qe5+ Be7 19. Nf3 Rd5 20. Qb8+ Bd8 21. Rg1 Qe6 22. Qxa7 Rf8 23. Qe3 Qxe3 24. fxe3 Bf6 25. Rg4 Rb5 26. Nd4 Rh5 27. Rg2 c5 28. Ne6 Rf7 29. Kd1 Rf5 30. a4 Rb7 31. Ra2 Kf7 32. Nf4 Rb4 33. Nd3 Rf1+ 34. Kc2 Rc4+ 35. Kb3 Rh4 36. Nxc5 Rxc1 37. d4 Be7 38. Rf2+ Ke8 39. Ne6 Rh3 40. Nxg7+ Kd7 41. Nf5 Bf8 42. a5 Bh6 43. Nxh6 Rxh6 44. Ra4 Ke7 45. Rc4 Ra1 46. Rc5 Rh3 47. Re5+ Kd6 48. Kb4 Rh6 49. e4 Rh3 50. Rb5 Ra2 51. Rb6+ Ke7 52. b3 Rh4 53. a6 Rxe4 54. Rb7+ Ke6 55. a7 Rxd4+ 56. Kc3 Rd6 57. Rf8 Rda6 58. a8=Q Rxa8 59. Rxa8 Rxa8 60. Rxh7 Rc8+ 61. Kb2 Rd8 62. Kc3 Rc8+ 63. Kd3 Rd8+ 64. Ke4 Rb8 65. Rh6+ Ke7 66. Rh3 Ke6 67. Rd3 Rh8 68. h3 Rh4+ 69. Kf3 Rxh3+ 70. Kg4 Rh8 71. e4 Ke5 72. Kf3 Rh3+ 73. Ke2 Rh2+ 74. Ke3 Rh3+ 75. Kd2 Rh4 76. Re3 Kd4 77. e5 Rh2+ 78. Re2 Rxe2+ 79. Kxe2 Kxe5 80. Kd1 Kd4 81. Kc2 Kc5 82. Kc3 Kb5 83. b4 Kb6 84. Kc4 Kc6 85. Kc3 Kb5 86. Kb3 Kb6 87. Ka4 Ka6 88. Kb3 Kb5 89. Kc3 Kb6 90. Kc4 Kc6 91. b5+ Kb6 92. Kb4 Kb7 93. Kb3 Kb6 94. Kc4 Kb7 95. Kc5 Kc7 96. b6+ Kb7 97. Kb5 Kb8 98. Kc6 Kc8 99. b7+ Kb8 100. Kd5 Kxb7 1/2-1/2

[Event "98th Caplin Hastings Masters 2024-25"]
[Site "Hastings"]
[Date "2024.12.29"]
[Round "3.51"]
[White "Swiatkowski, Dominik"]
[Black "Graham, Oliver"]
[Result "1-0"]
[ECO "C93"]
[WhiteElo "1744"]
[BlackElo "1789"]
[Annotator "NA RC"]
[PlyCount "73"]
[EventDate "2024.12.23"]
[EventType "swiss"]
[EventCountry "ENG"]
[SourceTitle "playchess.com"]
[Source "ChessBase"]
[SourceQuality "1"]
[TimeControl "5400+30"]

1. e4 e5 2. Nf3 Nc6 3. Bb5 a6 4. Ba4 Nf6 5. O-O b5 6. Bb3 Be7 7. Re1 O-O 8. h3 Bb7 9. d3 d6 10. c3 h6 11. Nbd2 Nh7 12. Nf1 Nb8 13. Ng3 c5 14. a4 Nd7 15. Be3 Ng5 16. Nf5 Kh7 17. Nxg5+ Bxg5 18. Nxd6 Bc6 19. Nxf7 Rxf7 20. Bxf7 bxa4 21. Qh5 Qf6 22. Bxg5 Qxg5 23. Qxg5 hxg5 24. Bd5 Bxd5 25. exd5 Rb8 26. Rxa4 Rb6 27. b4 Kg6 28. Rea1 cxb4 29. Rxa6 Kf7 30. Rxb6 Nxb6 31. c4 e4 32. dxe4 Nxc4 33. Rb1 b3 34. Rxb3 Kf6 35. Rc3 Nd6 36. Rc6 Ke5 37. Rxd6 1-0

[Event "98th Caplin Hastings Masters 2024-25"]
[Site "Hastings"]
[Date "2024.12.29"]
[Round "3.52"]
[White "Raffin-Sumyk, Piermael"]
[Black "Prudent, Sylvio"]
[Result "1-0"]
[ECO "B09"]
[WhiteElo "1512"]
[BlackElo "1780"]
[Annotator "NA RC"]
[PlyCount "57"]
[EventDate "2024.12.23"]
[EventType "swiss"]
[EventCountry "ENG"]
[SourceTitle "playchess.com"]
[Source "ChessBase"]
[SourceQuality "1"]
[TimeControl "5400+30"]

1. e4 d6 2. d4 Nf6 3. Nc3 g6 4. f4 Bg7 5. Nf3 O-O 6. Bd3 Na6 7. e5 dxe5 8. dxe5 Nd7 9. Qe2 Nb4 10. Bc4 Nb6 11. Bb3 Bg4 12. O-O c6 13. Rd1 Qc7 14. h3 Bxf3 15. Qxf3 Rad8 16. Be3 Na6 17. e6 f5 18. Kh1 Rxd1+ 19. Rxd1 Rd8 20. Qe2 Bf6 21. Bxb6 Qxb6 22. Rd7 Nc5 23. Na4 Nxa4 24. Bxa4 Rxd7 25. exd7 Qd4 26. Qe6+ Kf8 27. Bb3 Kg7 28. Qg8+ Kh6 29. d8=N 1-0

[Event "98th Caplin Hastings Masters 2024-25"]
[Site "Hastings"]
[Date "2024.12.30"]
[Round "4.1"]
[White "Xue, Haowen"]
[Black "Boyer, Mahel"]
[Result "1-0"]
[ECO "A37"]
[WhiteElo "2502"]
[BlackElo "2526"]
[Annotator "RC"]
[PlyCount "77"]
[EventDate "2024.12.23"]
[EventType "swiss"]
[EventCountry "ENG"]
[SourceTitle "playchess.com"]
[Source "ChessBase"]
[SourceQuality "1"]
[TimeControl "5400+30"]

1. c4 g6 2. Nc3 Bg7 3. Nf3 c5 4. g3 Nc6 5. Bg2 e6 6. h4 h6 7. e3 Nge7 8. O-O O-O 9. d4 b6 10. Qa4 Bb7 11. Rd1 d5 12. dxc5 bxc5 13. Qb5 Qa5 14. Na4 dxc4 15. Qxa5 Nxa5 16. Bd2 Bc6 17. Nxc5 Bxb2 18. Bxa5 Rac8 19. e4 Ba3 20. Na6 Bxe4 21. Ne1 Bxg2 22. Kxg2 Rc6 23. Nb4 Rc5 24. Bd8 Nf5 25. Nbc2 Bb2 26. Rab1 Rc8 27. Rxb2 Rfxd8 28. Rxd8+ Rxd8 29. Rb4 Nd6 30. Ne3 Rc8 31. Ra4 Rc7 32. N1c2 Kg7 33. Kf3 h5 34. Ra6 Nc8 35. Nd4 c3 36. Rc6 Rxc6 37. Nxc6 Nd6 38. Nxa7 Nc4 39. Nb5 1-0

[Event "98th Caplin Hastings Masters 2024-25"]
[Site "Hastings"]
[Date "2024.12.30"]
[Round "4.2"]
[White "Kovchan, Alexander"]
[Black "Kolka, David"]
[Result "1-0"]
[ECO "B12"]
[WhiteElo "2455"]
[BlackElo "2020"]
[Annotator "RC"]
[PlyCount "51"]
[EventDate "2024.12.23"]
[EventType "swiss"]
[EventCountry "ENG"]
[SourceTitle "playchess.com"]
[Source "ChessBase"]
[SourceQuality "1"]
[TimeControl "5400+30"]

1. e4 c6 2. d4 d5 3. e5 c5 4. dxc5 e6 5. Be3 Nd7 6. Bb5 Ne7 7. Bd4 Nc6 8. Bxc6 bxc6 9. b4 a5 10. a3 Ba6 11. f4 Qb8 12. Qd2 g5 13. Nf3 axb4 14. axb4 gxf4 15. Kf2 h5 16. Nc3 Bh6 17. Na4 Qb7 18. Nb6 Nxb6 19. cxb6 Kd7 20. Bc5 Rhg8 21. Ra5 Bc4 22. Rha1 Rxa5 23. Rxa5 Ra8 24. Nd4 Ra6 25. Qd1 Rxa5 26. bxa5 1-0

[Event "98th Caplin Hastings Masters 2024-25"]
[Site "Hastings"]
[Date "2024.12.30"]
[Round "4.3"]
[White "Laurent-Paoli, Pierre"]
[Black "Gormally, Daniel W"]
[Result "1/2-1/2"]
[ECO "B96"]
[WhiteElo "2559"]
[BlackElo "2424"]
[Annotator "RC"]
[PlyCount "86"]
[EventDate "2024.12.23"]
[EventType "swiss"]
[EventCountry "ENG"]
[SourceTitle "playchess.com"]
[Source "ChessBase"]
[SourceQuality "1"]
[TimeControl "5400+30"]

1. e4 c5 2. Nf3 d6 3. d4 cxd4 4. Nxd4 Nf6 5. Nc3 a6 6. Bg5 e6 7. f4 Qc7 8. Bxf6 gxf6 9. Qd2 Nc6 10. O-O-O h5 11. Kb1 Bd7 12. Nxc6 bxc6 13. Bc4 Be7 14. Rhe1 Rb8 15. f5 Qa5 16. Bb3 Qe5 17. Ne2 c5 18. fxe6 fxe6 19. Nf4 Rg8 20. c3 a5 21. Bc4 Kd8 22. g3 a4 23. Nd3 Qg5 24. Qxg5 Rxg5 25. Nf4 Re5 26. h4 Bc6 27. Kc1 Bxe4 28. Nxe6+ Ke8 29. Nf4 Kd7 30. Be6+ Kc7 31. Bd5 Bf5 32. Be6 Bxe6 33. Nxe6+ Kc6 34. Nf4 Rg8 35. Nxh5 Rxh5 36. Rxe7 Rxg3 37. Re6 Rd5 38. Rxd5 Kxd5 39. Rxf6 Rg1+ 40. Kc2 Rg2+ 41. Kc1 Rg1+ 42. Kc2 Rg2+ 43. Kb1 Rg1+ 1/2-1/2

[Event "98th Caplin Hastings Masters 2024-25"]
[Site "Hastings"]
[Date "2024.12.30"]
[Round "4.4"]
[White "Siva Mahadevan"]
[Black "Ghazarian, Kirk"]
[Result "1/2-1/2"]
[ECO "B32"]
[WhiteElo "2349"]
[BlackElo "2501"]
[Annotator "RC"]
[PlyCount "95"]
[EventDate "2024.12.23"]
[EventType "swiss"]
[EventCountry "ENG"]
[SourceTitle "playchess.com"]
[Source "ChessBase"]
[SourceQuality "1"]
[TimeControl "5400+30"]

1. e4 c5 2. Nf3 Nc6 3. d4 cxd4 4. Nxd4 e5 5. Nb5 d6 6. N1c3 a6 7. Na3 Be7 8. Nc4 b5 9. Ne3 Nf6 10. g3 h5 11. Bg2 h4 12. O-O h3 13. Bh1 Rb8 14. Ncd5 Nxd5 15. Nxd5 Be6 16. c3 Qd7 17. Be3 Bd8 18. Re1 Ne7 19. f4 Bxd5 20. exd5 exf4 21. Bxf4 Bb6+ 22. Kf1 O-O 23. Be4 f5 24. Bc2 Ng6 25. Qh5 Nxf4 26. gxf4 Qc7 27. Qxh3 Qc4+ 28. Kg2 Qxf4 29. Qf3 Qg5+ 30. Kh1 Rf6 31. Re6 Rbf8 32. Rae1 b4 33. Qg3 Qxg3 34. hxg3 bxc3 35. bxc3 Bf2 36. Rf1 Bxg3 37. Rxf6 Rxf6 38. Bxf5 Rh6+ 39. Kg2 Be5 40. Be6+ Kh7 41. Rh1 Bxc3 42. Rxh6+ gxh6 43. Bc8 a5 44. a4 Kg6 45. Bd7 Kf6 46. Kh3 h5 47. Kh4 Ke5 48. Bc6 1/2-1/2

[Event "98th Caplin Hastings Masters 2024-25"]
[Site "Hastings"]
[Date "2024.12.30"]
[Round "4.5"]
[White "Seo, Jung Min"]
[Black "Vestby-Ellingsen, Mads"]
[Result "0-1"]
[ECO "B52"]
[WhiteElo "2491"]
[BlackElo "2383"]
[Annotator "RC"]
[PlyCount "76"]
[EventDate "2024.12.23"]
[EventType "swiss"]
[EventCountry "ENG"]
[SourceTitle "playchess.com"]
[Source "ChessBase"]
[SourceQuality "1"]
[TimeControl "5400+30"]

1. e4 c5 2. Nf3 d6 3. Bb5+ Bd7 4. Bxd7+ Nxd7 5. O-O Ngf6 6. Re1 e6 7. b3 Be7 8. Bb2 O-O 9. c4 a6 10. d4 cxd4 11. Nxd4 Rc8 12. Nc3 Qa5 13. Qd2 Rfe8 14. Rad1 Bf8 15. h3 h6 16. Re3 Ne5 17. f4 Ng6 18. f5 Ne5 19. Nd5 Qd8 20. fxe6 fxe6 21. Nxf6+ Qxf6 22. Nf3 Nxf3+ 23. Rxf3 Qg6 24. Qd3 b5 25. cxb5 axb5 26. Rg3 Qh5 27. Rf1 Rc7 28. Rgf3 Ra7 29. a3 Rb7 30. Kh1 Rc8 31. Qe2 Qg6 32. Qf2 Be7 33. Rg3 Bg5 34. Qe2 Rbc7 35. Bd4 Rc1 36. Rgf3 R8c2 37. Rf8+ Kh7 38. Qf3 Rxf1+ 0-1

[Event "98th Caplin Hastings Masters 2024-25"]
[Site "Hastings"]
[Date "2024.12.30"]
[Round "4.6"]
[White "Pick, Freddie"]
[Black "Roux, Baptiste"]
[Result "0-1"]
[ECO "B45"]
[WhiteElo "1874"]
[BlackElo "2338"]
[Annotator "RC"]
[PlyCount "94"]
[EventDate "2024.12.23"]
[EventType "swiss"]
[EventCountry "ENG"]
[SourceTitle "playchess.com"]
[Source "ChessBase"]
[SourceQuality "1"]
[TimeControl "5400+30"]

1. e4 c5 2. Nf3 Nc6 3. d4 cxd4 4. Nxd4 Nf6 5. Nc3 e6 6. Bf4 Bc5 7. Ndb5 O-O 8. Bc7 Qe7 9. Bd6 Bxd6 10. Qxd6 Qd8 11. O-O-O a6 12. Nd4 Ne7 13. h4 Ne8 14. Qg3 b5 15. Bd3 b4 16. Nce2 d6 17. Kb1 e5 18. Nf3 Qc7 19. Nd2 a5 20. h5 h6 21. Qh4 f5 22. f3 Ba6 23. g4 fxe4 24. fxe4 d5 25. Ng3 Bxd3 26. cxd3 Ra6 27. Nf5 Nxf5 28. gxf5 Nf6 29. Rc1 Qd7 30. Nb3 Qb5 31. exd5 Qxd3+ 32. Ka1 Qxf5 33. Rhf1 Qxh5 34. Qxh5 Nxh5 35. Rxf8+ Kxf8 36. Re1 Nf6 37. Rxe5 Rd6 38. Nxa5 Rxd5 39. Rxd5 Nxd5 40. Nc4 h5 41. Ne5 Ke7 42. a4 bxa3 43. bxa3 Kf6 44. Nf3 g5 45. Kb2 g4 46. Ne1 h4 47. Nd3 g3 0-1